 Dungeon Crawl Stone Soup version 0.20.1-1-g8b1a95d (webtiles) character file.

837 Jazqa the Skirmisher (level 7, -11/48 HPs)
             Began as a Gargoyle Fighter on Oct 31, 2017.
             Was a Follower of the Shining One.
             Mangled by a large slime creature (14 damage)
             ... on level 5 of the Dungeon.
             The game lasted 00:09:06 (3352 turns).

Jazqa the Skirmisher (Gargoyle Fighter)             Turns: 3352, Time: 00:09:07

Health: -11/48     AC: 13    Str: 21    XL:     7   Next: 99%
Magic:  7/7        EV:  7    Int:  8    God:    the Shining One [*.....]
Gold:   270        SH:  9    Dex: 10    Spells: 6/6 levels left

rFire    . . .     SeeInvis .   q - +1 flail (venom)
rCold    + + .     Gourm    .   v - +0 shield
rNeg     + . .     Faith    +   b - +0 scale mail
rPois    ∞         Spirit   .   (no helmet)
rElec    +         Reflect  .   n - +1 cloak
rCorr    .         Harm     .   (no gloves)
MR       .....                  (no boots)
Stlth    ..........             H - amulet of faith {!P}
Regen    0.2/turn               C - ring of protection from cold
MPRegen  0.1/turn               c - ring of protection from cold

@: hasted, glowing, very quick
A: negative energy resistance 1, electricity resistance, unbreathing,
petrification resistance, rot immunity, AC +4
a: Renounce Religion


You were on level 5 of the Dungeon.
You worshipped the Shining One.
The Shining One was aware of your devotion.
You were not hungry.

You visited 1 branch of the dungeon, and saw 5 of its levels.

You collected 270 gold pieces.


Innate Abilities, Weirdness & Mutations

You are resistant to torment.
Your stone body is resilient. (AC +4)
You are immune to poison.
You resist negative energy. (rN+)
You are resistant to electric shocks. (rElec)
You can survive without breathing.
You are immune to petrification.
You are immune to rotting.


   Skills:
 + Level 7.4 Fighting
 + Level 6.5 Maces & Flails
 - Level 3.2 Armour
 - Level 3.2 Shields


You had 6 spell levels left.
You didn't know any spells.

Inventory:

Hand Weapons
 q - a +1 flail of venom (weapon)
Armour
 b - a +0 scale mail (worn)
 n - a +1 cloak (worn)
 v - a +0 shield (worn)
Jewellery
 c - a ring of protection from cold (right hand)
 C - a ring of protection from cold (left hand)
 H - an amulet of faith (around neck) {!P}
Wands
 r - a wand of flame (11/48)
Scrolls
 e - 2 scrolls of remove curse {@r2}
 j - a scroll of magic mapping
 k - a scroll of random uselessness {unknown}
 l - 2 scrolls of identify {@r1}
 m - 2 scrolls of teleportation {@r4}
 o - a scroll of noise {unknown}
 s - a scroll of recharging {unknown}
 t - a scroll of enchant weapon {unknown}
Potions
 a - a potion of lignification {unknown}
 d - a potion of might
 h - 2 potions of brilliance
 p - a potion of haste {@q3}
 u - a potion of curing {unknown}
Books
 w - a book of Air

   Spells                             Type                      Level
   a - Shock                          Conjuration/Air              1
   b - Swiftness                      Charms/Air                   2
   c - Static Discharge               Conjuration/Air              3
   d - Airstrike                      Air                          4
   e - Lightning Bolt                 Conjuration/Air              5
Comestibles
 f - 2 bread rations {@e1}
 i - 2 meat rations {@e1}

Dungeon Overview and Level Annotations

Branches:
Dungeon (5/15)             Temple (0/1) D:5

Altars:
Ashenzari
Dithmenos
Vehumet
The Shining One

####
#####'''##
#.##..#
##...## #
...#
##.....##
##.##
#.......#
#.#
#.......#
#.#
#.......#
#.
#.......#
####....#
##@J'....#
#J########
##J.JJJJ##
#######J#
....JJ..÷#
.....JJJ.#
.......JJ#
...÷÷P.P.#
.P.P...÷.#


You could see a large slime creature and a slime creature.


Message History

You are no longer corroded.
The large slime creature hits you but does no damage.
You sock the slime creature!
The slime creature is heavily wounded.
A slime creature suddenly becomes a large slime creature.
You hit the large slime creature.
The large slime creature looks as sick as possible!
The large slime creature is heavily wounded.
You block the large slime creature's attack.
You sock the large slime creature!
The large slime creature looks as sick as possible!
The large slime creature is heavily wounded.
You block the large slime creature's attack.
The slime creature quivers.
You hit the large slime creature.
The large slime creature is severely wounded.
The large slime creature hits you but does no damage.
You hit the large slime creature.
The large slime creature is severely wounded.
You block the large slime creature's attack.
You thump the large slime creature!
The large slime creature looks as sick as possible!
The large slime creature is almost dead.
The large slime creature hits you!!
Ouch! That really hurt!
* * * LOW HITPOINT WARNING * * *
Okay, then.
It was a potion of haste.
You feel yourself speed up. The large slime creature hits you!
You die...

Skill      XL: |  1  2  3  4  5  6  7 |
---------------+----------------------+-----
Fighting       | 4 5 6 7 |  7.4
Maces & Flails | 3 4 5 6 |  6.5
Armour         | |  3.2
Shields        | |  3.2

Action                   |  1- 3 |  4- 6 |  7- 9 || total
-------------------------+-------+-------+-------++-------
Melee: Flail             |   151 |   178 |    90 ||   419
  Use: Scroll            |     5 |       |     1 ||     6
       Potion            |       |       |     1 ||     1
  Eat: Chunk             |       |     6 |       ||     6
       Bread ration      |       |       |     1 ||     1
Armor: Scale mail        |    82 |    97 |    29 ||   208
Dodge: Dodged            |    48 |    57 |    19 ||   124
Block: Shield            |    80 |    86 |    40 ||   206

Vault maps used:
D:1:      dpeg_arrival_fog, minmay_quantized
D:2:      kennysheep_the_goblin_king, old_standard_altar
D:3:      lemuel_round_altar
D:4:      marbit_many_paths
D:5:      cheibrodos_fertilizer, lemuel_blue_sif_altar,
          minmay_temple_entry_glass, basic_altar, first_bread,
          evilmike_ruin_ashenzari

Notes
Turn   | Place    | Note
-------+----------+-------------------------------------------
     0 | D:1      | Jazqa the Gargoyle Fighter began the quest for the Orb.
     0 | D:1      | Reached XP level 1. HP: 14/14 MP: 1/1
   137 | D:1      | Reached XP level 2. HP: 16/19 MP: 2/2
   444 | D:1      | Reached skill level 4 in Fighting
   444 | D:1      | Reached XP level 3. HP: 24/24 MP: 3/3
   753 | D:2      | Reached skill level 3 in Maces & Flails
   919 | D:2      | Found a radiant altar of Vehumet.
   945 | D:2      | Reached XP level 4. HP: 26/29 MP: 4/4
  1574 | D:3      | Reached XP level 5. HP: 34/34 MP: 5/5
  1674 | D:3      | Found a glowing golden altar of the Shining One.
  1691 | D:3      | Became a worshipper of the Shining One
  1712 | D:3      | Reached skill level 4 in Maces & Flails
  2080 | D:4      | Reached skill level 5 in Fighting
  2125 | D:4      | Noticed Linguinho's ghost (amateur DsEn)
  2152 | D:4      | Killed Linguinho's ghost
  2152 | D:4      | Reached XP level 6. HP: 40/40 MP: 6/6
  2185 | D:4      | Noticed a phantom
  2233 | D:4      | Killed a phantom
  2233 | D:4      | Reached skill level 6 in Fighting
  2233 | D:4      | Reached skill level 5 in Maces & Flails
  2397 | D:4      | Reached XP level 7. HP: 47/47 MP: 7/7
  2662 | D:4      | Found a shadowy altar of Dithmenos.
  2858 | D:5      | Entered Level 5 of the Dungeon
  2869 | D:5      | Found a radiant altar of Vehumet.
  2940 | D:5      | Found a shattered altar of Ashenzari.
  3009 | D:5      | Found a staircase to the Ecumenical Temple.
  3261 | D:5      | Reached skill level 7 in Fighting
  3261 | D:5      | Reached skill level 6 in Maces & Flails
  3321 | D:5      | Noticed a slime creature
  3322 | D:5      | Noticed a slime creature
  3322 | D:5      | Reached * piety under the Shining One
  3322 | D:5      | Noticed a slime creature
  3351 | D:5      | HP: 3/48 [large slime creature (24)]
  3352 | D:5      | Mangled by a large slime creature

Vanquished Creatures
  The ghost of Linguinho the Vexing, an amateur DsEn (D:4)
  2 phantoms
  3 big kobolds (D:5)
  A hound (D:4)
  A jelly (D:5)
  3 worker ants
  An orc wizard (D:4)
  3 gnolls (D:4)
  5 adders (D:2)
  2 oozes (D:5)
  An adder skeleton (D:5)
  3 worms
  3 dart slugs (D:1)
  2 leopard geckos (D:1)
  3 orcs
  A ball python (D:3)
  3 giant cockroaches
  14 goblins
  2 hobgoblins
  15 kobolds
  A quokka (D:3)
  3 bats
  7 frilled lizards
  10 rats
90 creatures vanquished.

Vanquished Creatures (others)
  2 fungi (D:5)
  6 toadstools (D:5)
8 creatures vanquished.

Grand Total: 98 creatures vanquished
